Map: Rhoskallian LE

Players

Soenson - Winner!

  • Race: Zerg Zerg
  • League: Platinum
  • Spawn Location: 12:00

Pixel - Winner!

  • Race: Zerg Zerg
  • League: Diamond
  • Spawn Location: 11:00

qqq

  • Race: Zerg Zerg
  • Spawn Location: 6:00

Massa

  • Race: Terran Terran
  • League: Platinum
  • Spawn Location: 5:00

VOD

Have the link to the VOD?

Description

Time

  • Played on: Nov. 10, 2020, 3:29 p.m.
  • Length: 14:44
Show
View Real Time Build Order
Export as new Build Order

Soenson Zerg - Winner!

Build Orders: Hatch First 

Get SALT Encoding   

  12  0:01  Drone  
  13  0:13  Overlord  
  13  0:18  Drone  
  14  0:31  Drone  
  14  0:32  Drone  
  16  0:36  Drone  
  17  0:49  Drone  
  18  0:58  Hatchery  
  18  1:03  Extractor, Drone  
  17  1:18  Spawning Pool  
  17  1:19  Drone  
  17  1:22  Drone  
  18  1:29  Drone  
  19  1:42  Overlord  
  19  1:50  Drone  
  20  2:01  Drone  
  21  2:08  Queen  
  23  2:12  Drone x2  
  23  2:13  Queen  
  27  2:18  Metabolic Boost  
  27  2:25  Spine Crawler  
  27  2:29  Zergling x4  
  28  2:36  Extractor  
  27  2:40  Extractor  
  27  2:43  Spine Crawler  
  25  2:58  Drone x6  
  31  3:09  Drone  
  31  3:10  Drone  
  33  3:19  Extractor  
  32  3:28  Drone x2  
  32  3:30  Overlord  
  34  3:49  Drone x3  
  37  3:58  Hatchery, Lair  
  37  4:00  Drone x4, Overlord  
  40  4:14  Drone x3  
  43  4:44  Drone x6, Hatchery  
  48  4:47  Queen  
  50  5:02  Spire  
  50  5:03  Drone  
  50  5:08  Drone  
  50  5:12  Drone x2  
  50  5:13  Drone x3  
  56  5:29  Drone  
  56  5:30  Drone, Overlord  
  56  5:31  Overlord  
  58  5:45  Overlord x2  
  58  5:52  Spore Crawler  
  58  5:54  Spore Crawler  
  58  5:55  Spore Crawler  
  55  6:03  Overlord x2  
  55  6:09  Queen  
  55  6:10  Overlord  
  56  6:14  Corruptor x6  
  67  6:28  Corruptor  
  69  6:37  Corruptor x2  
  73  6:49  Hatchery  
  73  6:53  Corruptor x2  
  73  6:54  Corruptor x2  
  74  6:58  Drone  
  81  7:07  Corruptor x2  
  86  7:15  Drone  
  86  7:16  Hatchery  
  85  7:22  Corruptor  
  85  7:23  Corruptor  
  81  7:53  Drone x3  
  81  7:54  Drone x8  
  92  8:06  Mutalisk x6  
  104  8:15  Infestation Pit  
  103  8:28  Queen  
  103  8:30  Drone x4  
  103  8:31  Drone  
  110  8:46  Spine Crawler x2  
  108  8:49  Spore Crawler  
  108  8:50  Spore Crawler  
  106  8:59  Pathogen Glands  
  106  9:02  Overlord x4  
  106  9:13  Overlord x3  
  106  9:15  Extractor  
  105  9:17  Extractor  
  105  9:18  Extractor  
  105  9:19  Extractor  
  102  9:43  Zergling x20  
  102  9:44  Zergling x28  
  126  9:47  Baneling Nest  
  125  10:00  Drone x4  
  125  10:01  Drone x5  
  134  10:19  Evolution Chamber  
  134  10:21  Evolution Chamber  
  132  10:25  Spine Crawler  
  107  10:45  Zergling x6  
  107  10:46  Zergling x28  
  114  10:53  Hive  
  114  10:59  Drone x3  
  114  11:00  Drone x3  
  120  11:07  Centrifical Hooks  
  110  11:23  Zergling x14  
  110  11:24  Zergling x2  
  101  12:01  Zergling x2  
  101  12:02  Zergling x22  
  101  12:07  Queen  
  113  12:18  Greater Spire  
  113  12:22  Infestor x4  
  115  12:24  Zergling x2  
  115  12:25  Zergling x6  
  125  12:41  Baneling x2, Spine Crawler  
  125  12:42  Baneling x3, Zergling x10  
  125  12:43  Zergling x4  
  131  12:48  Drone x6  
  135  12:59  Baneling  
  135  13:00  Baneling x20  
  135  13:01  Baneling x24  
  125  13:38  Zergling x2  
  125  13:39  Zergling x26  
  134  13:52  Drone  
  134  13:53  Corruptor x3  
  141  13:57  Brood Lord x5  
  141  13:59  Zergling x2  
  152  14:05  Overlord x4  
Show
View Real Time Build Order
Export as new Build Order

Pixel Zerg - Winner!

Build Orders: Hatch First, Lurkers, Swarm Host 

Get SALT Encoding   

  12  0:04  Drone  
  13  0:11  Drone  
  14  0:19  Overlord  
  14  0:38  Drone x2  
  14  0:39  Drone  
  17  0:53  Drone  
  18  1:03  Hatchery  
  17  1:11  Extractor, Drone x2  
  18  1:23  Drone  
  19  1:26  Spawning Pool  
  19  1:32  Drone  
  19  1:43  Drone  
  20  1:55  Overlord  
  20  2:12  Queen  
  20  2:14  Queen  
  25  2:15  Zergling x4  
  25  2:16  Zergling x2  
  27  2:31  Metabolic Boost  
  27  2:33  Zergling x4  
  29  2:41  Drone x2  
  31  2:53  Drone  
  31  2:54  Drone  
  33  3:00  Drone x2  
  35  3:12  Overlord  
  35  3:15  Drone  
  36  3:29  Queen  
  36  3:32  Drone  
  36  3:33  Drone x5  
  44  3:42  Overlord x2  
  44  4:05  Queen  
  46  4:10  Lair  
  46  4:11  Hatchery  
  46  4:15  Drone x3  
  46  4:16  Drone x7  
  55  4:28  Drone x2  
  57  4:33  Extractor x2  
  57  4:35  Drone  
  57  4:36  Extractor, Drone  
  56  4:43  Overlord  
  56  4:44  Overlord  
  56  4:45  Overlord  
  56  4:56  Drone x2  
  58  5:14  Drone  
  59  5:15  Spore Crawler  
  59  5:16  Spore Crawler, Hydralisk Den  
  59  5:18  Drone x2  
  58  5:22  Overseer  
  58  5:24  Pneumatized Carapace  
  58  5:28  Drone  
  58  5:29  Drone x8  
  58  5:30  Queen  
  69  5:43  Infestation Pit  
  66  5:50  Hydralisk x8  
  66  5:51  Hydralisk  
  66  5:55  Muscular Augments  
  84  5:57  Spore Crawler  
  83  6:08  Hydralisk x3  
  89  6:17  Overlord  
  89  6:18  Overlord x3  
  89  6:23  Drone, Spore Crawler x2  
  89  6:24  Drone  
  89  6:38  Drone x3  
  92  6:42  Drone x5  
  92  6:43  Spore Crawler  
  96  6:52  Hydralisk x4  
  104  6:58  Drone x5  
  109  7:03  Extractor x2  
  109  7:06  Grooved Spines, Hydralisk x2  
  111  7:23  Hydralisk  
  111  7:26  Overlord x2  
  111  7:27  Overlord x3  
  113  7:38  Hive  
  113  7:48  Overseer  
  113  8:02  Hydralisk x12  
  137  8:12  Drone  
  138  8:13  Nydus Network  
  137  8:29  Hatchery  
  137  8:30  Swarm Host  
  137  8:31  Swarm Host x4  
  151  8:51  Spire  
  150  8:57  Baneling Nest  
  150  9:00  Swarm Host  
  152  9:03  Overlord x4  
  152  9:14  Drone  
  153  9:20  Swarm Host x2  
  153  9:21  Swarm Host  
  153  9:22  Swarm Host x5  
  177  9:26  Overlord x3  
  177  9:27  Overlord  
  177  9:37  Nydus Canal  
  177  9:39  Extractor  
  177  9:42  Extractor  
  177  9:45  Drone, Lurker Den  
  175  10:34  Overlord  
  173  10:39  Drone x2  
  173  10:40  Drone x6  
  181  10:57  Adaptive Talons  
  146  11:41  Overseer  
  146  11:54  Seismic Spines  
  146  11:59  Lurker  
  146  12:00  Lurker x16  
  163  12:01  Hydralisk x5  
  163  12:02  Hydralisk x9  
  191  12:17  Hydralisk x4  
  193  12:52  Hydralisk x3  
  199  13:03  Evolution Chamber  
  199  13:04  Greater Spire, Evolution Chamber  
  197  14:42  Hatchery  
Show
View Real Time Build Order
Export as new Build Order

qqq Zerg 

Build Orders: Hatch First, Lurkers 

Get SALT Encoding   

  12  0:01  Drone  
  13  0:08  Drone  
  14  0:38  Hatchery  
  13  0:43  Drone  
  14  0:59  Spawning Pool  
  13  1:05  Overlord  
  13  1:17  Drone  
  14  1:23  Extractor  
  14  1:25  Drone x2  
  15  1:33  Drone  
  16  1:47  Drone  
  16  1:48  Queen  
  19  1:59  Queen  
  21  2:01  Drone x2  
  24  2:08  Drone  
  24  2:15  Spine Crawler  
  24  2:18  Drone  
  24  2:22  Drone  
  25  2:30  Drone x2  
  25  2:32  Extractor  
  25  2:34  Drone  
  27  2:53  Drone  
  27  2:57  Lair  
  28  3:05  Spine Crawler  
  27  3:08  Drone  
  27  3:09  Drone, Spine Crawler x2  
  27  3:13  Overlord  
  27  3:19  Drone  
  28  3:26  Overlord  
  28  3:33  Drone x2  
  28  3:34  Drone  
  31  3:38  Drone  
  31  3:39  Drone  
  33  3:43  Drone  
  33  3:45  Drone  
  35  3:57  Spire  
  34  4:03  Spine Crawler  
  34  4:08  Drone x3  
  36  4:10  Drone  
  36  4:15  Zergling x2  
  36  4:16  Drone  
  39  4:18  Drone  
  40  4:39  Drone x2  
  40  4:40  Overlord x2  
  40  4:41  Overlord  
  42  4:46  Extractor x2  
  42  4:48  Drone  
  42  4:51  Drone x2  
  43  5:00  Drone  
  44  5:08  Mutalisk  
  44  5:11  Mutalisk  
  44  5:12  Mutalisk  
  50  5:22  Drone  
  51  5:31  Mutalisk x3  
  51  5:32  Mutalisk  
  51  5:33  Drone x2  
  61  5:36  Zerg Flyer Weapons Level 1  
  60  5:53  Mutalisk x2  
  60  5:55  Drone x2  
  66  5:59  Zergling x4  
  68  6:14  Overlord x4  
  68  6:16  Overlord x2  
  68  6:32  Mutalisk x2  
  68  6:38  Drone x2, Mutalisk x2  
  78  6:43  Mutalisk  
  78  6:44  Drone  
  77  6:57  Hatchery  
  77  6:59  Drone  
  77  7:11  Mutalisk x2  
  77  7:12  Mutalisk  
  83  7:15  Corruptor  
  85  7:27  Mutalisk  
  87  7:36  Hatchery  
  78  7:50  Infestation Pit  
  69  7:53  Hydralisk Den  
  69  7:54  Mutalisk  
  71  8:06  Zergling x10  
  71  8:07  Metabolic Boost  
  76  8:15  Drone  
  76  8:16  Spore Crawler  
  76  8:23  Hydralisk x2, Muscular Augments  
  76  8:24  Hydralisk, Evolution Chamber x2  
  76  8:26  Drone  
  81  8:35  Spore Crawler  
  81  8:36  Drone  
  81  8:50  Drone, Hydralisk  
  81  8:51  Hydralisk x4  
  81  8:55  Hatchery  
  91  8:58  Zerg Missile Weapons Level 1  
  91  9:05  Queen  
  91  9:07  Drone, Hatchery  
  93  9:19  Drone x2, Hydralisk  
  93  9:20  Hydralisk  
  99  9:24  Zerg Ground Armor Level 1  
  99  9:31  Hydralisk x2  
  99  9:33  Drone  
  104  9:45  Drone  
  107  9:46  Hydralisk x2  
  107  9:49  Grooved Spines  
  107  9:51  Zergling x6  
  106  10:30  Baneling Nest  
  106  10:31  Drone  
  84  10:40  Lurker Den  
  84  10:41  Hive  
  84  10:42  Drone x6  
  61  10:45  Spore Crawler  
  56  10:50  Spore Crawler x2  
  56  10:51  Extractor x2  
  52  10:57  Drone  
  53  11:05  Queen  
  53  11:06  Spore Crawler  
  53  11:08  Spine Crawler  
  53  11:10  Hydralisk x7  
  53  11:11  Hydralisk  
  67  11:12  Hydralisk  
  67  11:17  Drone x2  
  67  11:18  Drone  
  74  11:25  Drone x2  
  73  11:36  Zergling x4  
  73  11:37  Zergling x4  
  73  11:39  Lurker x3  
  81  11:40  Lurker  
  81  11:41  Queen  
  78  11:56  Hydralisk  
  78  11:57  Hydralisk x3  
  78  11:59  Drone  
  87  12:12  Hatchery  
  86  12:20  Centrifical Hooks  
  86  12:24  Baneling  
  86  12:25  Baneling x7  
  86  12:31  Zergling x6  
  86  12:33  Drone  
  69  12:54  Hatchery  
  69  12:58  Zergling x4  
  70  13:00  Drone  
  71  13:06  Baneling  
  71  13:07  Baneling x2  
  71  13:08  Baneling  
  71  13:09  Baneling  
  71  13:32  Overlord x3  
  68  13:46  Overlord x2  
  68  14:01  Overlord x2  
Show
View Real Time Build Order
Export as new Build Order

Massa Terran 

Build Orders: 2 Factory, Gas First Reaper Expand 

Get SALT Encoding   

  12  0:00  SCV  
  13  0:13  SCV  
  14  0:22  Supply Depot  
  14  0:25  SCV  
  15  0:31  Refinery  
  15  0:44  SCV  
  15  0:46  Barracks  
  16  0:56  SCV  
  17  1:08  SCV  
  18  1:20  SCV  
  19  1:33  Reaper  
  19  1:35  Orbital Command  
  20  1:46  Command Center  
  20  2:03  SCV  
  20  2:05  Marine  
  20  2:08  Factory  
  22  2:19  SCV, Supply Depot  
  23  2:40  SCV  
  24  3:11  Orbital Command  
  24  3:12  SCV  
  25  3:18  Supply Depot  
  25  3:19  Supply Depot  
  25  3:24  SCV  
  25  3:27  Factory  
  26  3:31  Starport  
  26  3:35  Refinery  
  26  3:37  Factory Tech Lab  
  26  3:42  Barracks  
  26  3:43  Supply Depot  
  26  3:44  Barracks Reactor  
  26  3:50  SCV x2  
  26  3:53  Command Center  
  28  3:58  Widow Mine  
  30  4:09  Supply Depot  
  30  4:16  Barracks  
  30  4:26  Refinery  
  30  4:27  SCV x2  
  30  4:28  Refinery  
  32  4:35  Supply Depot  
  32  4:39  SCV x2  
  32  4:41  Siege Tank  
  32  4:42  Barracks Tech Lab  
  37  4:46  Factory Tech Lab  
  37  4:51  SCV x2  
  39  5:03  SCV  
  39  5:05  Reaper  
  41  5:20  Siege Tank  
  44  5:21  Barracks Tech Lab  
  44  5:22  Marauder, Marine  
  44  5:25  SCV x2  
  49  5:36  Marine  
  49  5:37  SCV x2  
  49  5:39  Stimpack  
  49  5:40  Marine  
  53  5:44  Marauder  
  53  5:47  Orbital Command  
  53  5:49  SCV x2  
  57  5:57  Marauder, Marine  
  57  5:58  Marine  
  57  6:01  SCV  
  57  6:02  SCV  
  62  6:05  Marauder  
  64  6:13  SCV  
  64  6:14  SCV  
  64  6:15  Starport Reactor  
  64  6:16  Engineering Bay  
  64  6:17  Siege Tank  
  69  6:19  Marauder  
  69  6:24  Combat Shield  
  71  6:26  SCV x2  
  71  6:27  SCV  
  74  6:38  SCV x2  
  74  6:39  SCV  
  77  6:48  Marauder  
  77  6:49  Marauder, Marine x2, Siege Tank  
  77  6:50  SCV x2  
  77  6:51  SCV, Command Center  
  89  7:01  Missile Turret  
  89  7:02  SCV x2  
  89  7:03  SCV  
  89  7:05  Missile Turret  
  89  7:06  Marine x2  
  94  7:08  Missile Turret  
  94  7:10  Marauder x2, Medivac  
  100  7:16  Supply Depot  
  100  7:18  Supply Depot  
  100  7:19  Concussive Shells  
  100  7:20  Supply Depot  
  100  7:23  Supply Depot  
  100  7:31  Command Center  
  100  7:37  Medivac  
  100  7:38  Marauder x2, Marine x2  
  100  7:40  Medivac  
  110  7:46  SCV x3  
  113  7:53  Siege Tank  
  113  7:55  Marine x2  
  113  7:58  SCV x3  
  121  7:59  Marauder x2  
  125  8:07  Medivac  
  125  8:10  SCV x3  
  125  8:12  Refinery  
  130  8:13  Refinery, Marine x2  
  132  8:20  Marine  
  132  8:22  Supply Depot x2  
  133  8:27  Barracks x2  
  133  8:33  Barracks  
  133  8:39  Barracks  
  133  8:43  SCV x3, Marauder  
  133  8:44  Planetary Fortress  
  133  8:47  Supply Depot  
  138  8:49  Supply Depot  
  138  8:55  SCV x3  
  140  9:02  Missile Turret  
  141  9:07  SCV  
  141  9:08  Missile Turret  
  142  9:10  SCV x2  
  142  9:14  Marauder x2, Marine x2  
  150  9:19  Barracks Reactor x2, SCV  
  150  9:21  Barracks Tech Lab  
  150  9:22  SCV x2  
  153  9:29  Missile Turret  
  153  9:32  Marine x2, Missile Turret  
  153  9:34  Missile Turret  
  153  9:36  Command Center  
  155  9:39  SCV x4, Missile Turret  
  159  9:46  Supply Depot  
  159  9:48  Terran Infantry Weapons Level 1  
  159  9:50  Armory  
  159  9:51  SCV x4, Engineering Bay  
  163  9:56  Armory  
  163  10:06  Marauder x3, Marine x2  
  163  10:07  Marine x4  
  171  10:09  Supply Depot  
  175  10:15  Refinery  
  175  10:16  Marine  
  175  10:17  Refinery  
  176  10:24  Marine x4  
  176  10:25  Marine x2  
  176  10:27  Marauder x3  
  188  10:34  Marine  
  188  10:49  Marauder  
  121  11:33  Marauder x3  
  121  11:34  Marine  
  121  11:35  Marine  
  107  11:47  Marine x5  
  107  11:52  Marine  
  107  11:53  Marine, Siege Tank x2  
  113  11:54  Marauder  
  113  11:55  Marauder x2  
  117  12:05  Marine x5  
  122  12:09  Marine  
  122  12:11  Marine  
  122  12:13  Barracks  
  122  12:15  Barracks, Medivac x2  
  125  12:16  Marauder x3, Command Center  
  133  12:23  Barracks x2, Marine x5  
  133  12:24  Terran Infantry Weapons Level 2  
  133  12:25  Terran Infantry Armor Level 1, Siege Tank x2  
  133  12:26  Terran Vehicle And Ship Armor Level 1  
  133  12:27  Marine, Terran Vehicle Weapons Level 1  
  133  12:28  Marine  
  146  12:37  Marine x2  
  148  12:45  Medivac x2  
  143  12:57  Siege Tank  
  125  12:59  Marauder  
  125  13:00  Marauder x2  
  125  13:01  Marine  
  125  13:02  Marine  
  125  13:03  Marine x5  
  138  13:06  Siege Tank  
  138  13:11  Orbital Command  
  141  13:15  Medivac x2  
  141  13:19  Marine  
  145  13:20  Marine x2  
  145  13:21  Marauder, Marine x4  
  145  13:22  Marauder x2  
  157  13:29  Siege Tank  
  160  13:37  Marine  
  160  13:38  Marine x4, Siege Tank  
  160  13:39  Marine x2  
  153  13:42  Marauder  
  153  13:43  Marauder x2  
  153  13:45  Medivac  
  159  13:55  Marine  
  160  13:56  Marine x5  
  160  13:57  Marine  
  160  14:01  Siege Tank  
  169  14:03  Marauder  
  169  14:05  Marauder x2  
  175  14:10  Siege Tank  
  175  14:13  Marine  
  175  14:14  Marine  
  176  14:24  Marine x5  
  188  14:31  Barracks Tech Lab x3  
  188  14:32  Barracks Reactor  
Tags
 
Add a new tag
Caveats
  • Supply blocks, unpowered buildings, or Contaminate may cause inaccurate times.
  • Supply counts are checked every 10 seconds.